 Dungeon Crawl Stone Soup version 0.32-a0-711-g016ad743e0 (webtiles) character file.

Game seed: 7587693195228901504

65741 hikkokomori the Basher (level 15, 0/178 HPs)
             Began as a Coglin Berserker on Mar 15, 2024.
             Was a High Priest of Trog.
             Succumbed to a black mamba's poison
             ... on level 3 of the Lair of Beasts.
             The game lasted 00:40:19 (16118 turns).

hikkokomori the Basher (Coglin Berserker)          Turns: 16118, Time: 00:40:19

Health: 0/178      AC:  5    Str: 22    XL:     15   Next: 17%
Magic:  15/15      EV: 11    Int:  8    God:    Trog [*****.]
Gold:   955        SH:  0    Dex: 15    Spells: 14/14 levels left

rFire   + . .        q - +4 flail (drain) {Akal}
rCold   . . .        v - +5 demon whip (venom) {Rupprecht}
rNeg    . . .        (no body armour)
rPois   .            h - +1 helmet
rElec   .            (no cloak)
rCorr   .            d - +0 pair of gloves
SInv    .            j - +0 pair of boots
Will    ++...        (amulet unavailable) Stlth
                     (ring unavailable)
HPRegen 0.49/turn    (ring unavailable)
MPRegen 0.14/turn    o - cryoadeledicnander core {rF+ Will+ Clar RMsl}

%: repel missiles, clarity
@: berserking (expiring), lethally poisoned (0 -> -8), revved, very quick
A: off-hand wielding, slow wielding, warmup strikes, no jewellery
a: Renounce Religion, Berserk, Trog's Hand, Brothers in Arms


You were on level 3 of the Lair of Beasts.
You worshipped Trog.
Trog was extremely pleased with you.
You visited 2 branches of the dungeon, and saw 14 of its levels.
You also visited: Sewer and Bailey.

You collected 955 gold pieces.

Inventory:

Hand Weapons
 q - a +4 flail of draining (weapon) {Akal}
 v - a +5 demon whip of venom (offhand) {Rupprecht}
 B - a +0 flail of protection {Hwan}
 E - the +8 broad axe of Bamolon {drain, rC- Dex+6}
   (You found it on level 2 of the Lair of Beasts)

   Dex+6:     It affects your dexterity (+6).
   rC-:       It makes you vulnerable to cold.
Missiles
 g - 34 poisoned darts (quivered)
 M - 8 curare-tipped darts
Armour
 d - a +0 pair of gloves (worn)
 h - a +1 helmet (worn)
 j - a +0 pair of boots (worn)
Gizmo
 o - a cryoadeledicnander core (installed) {rF+ Will+ Clar RMsl}
   (You invented it yourself on level 2 of the Lair of Beasts)

   [cryoadeledicnander core]

   rF+:       It protects you from fire.
   Will+:     It increases your willpower.
   Clar:      It protects you from confusion, rage, mesmerisation and fear.
   RMsl:      It protects you from missiles.
Wands
 b - a wand of flame (33)
 n - a wand of light (6)
 N - a wand of paralysis (4)
Scrolls
 i - 2 scrolls of revelation
 k - a scroll of fear
 l - a scroll of noise
 y - 4 scrolls of teleportation
 z - a scroll of brand weapon
 A - 4 scrolls of fog
 H - a scroll of vulnerability {unknown}
 I - a scroll of summoning
Potions
 a - 4 potions of lignification
 c - 3 potions of curing
 e - 3 potions of haste
 f - 6 potions of heal wounds
 m - 2 potions of berserk rage
 r - a potion of cancellation {unknown}
 s - 4 potions of might
 t - 2 potions of attraction
 u - a potion of invisibility
 C - 2 potions of mutation
 D - 2 potions of resistance
 F - 2 potions of magic
 G - 3 potions of brilliance


   Skills:
 + Level 11.6 Fighting
 - Level 5.0(5.3) Short Blades
 - Level 3.1(4.7) Long Blades
 - Level 14.1 Maces & Flails
 - Level 1.5 Polearms
 - Level 6.0 Throwing
 + Level 11.1 Armour
 - Level 2.0 Dodging
 + Level 9.4 Evocations


You had 14 spell levels left.
You didn't know any spells.
Your spell library was empty.

Dungeon Overview and Level Annotations

Branches:
Dungeon (10/15)            Temple (0/1) D:4            Lair (4/5) D:10
 Shoals (0/4) Lair:2       Spider (0/4) Lair:2        Slime (0/5) Lair:4
    Orc (0/2) D:9           Sewer (visited)          Bailey (visited)

Altars:
Ashenzari
Cheibriados
Fedhas
Makhleb
Nemelex Xobeh
Qazlal
Vehumet
Wu Jian
Xom
Yredelemnul
The Shining One


Innate Abilities, Weirdness & Mutations

You can wield a second weapon in your off-hand.
It takes a long time for you to wield or remove held weapons.
Your first few attacks do less damage.
You cannot equip rings or amulets.


Message History

You feel sick. The yak gores you!
* * * LOW HITPOINT WARNING * * *
The yak gores you.
* * * LOW HITPOINT WARNING * * *
You are too berserk!
Found a dagger.
* * * LOW HITPOINT WARNING * * *
You feel very sick.
You see here a black mamba corpse.
You thrash the yak with your +5 demon whip of venom!!
The yak is severely wounded.
You sock the yak with your +4 flail of draining!
You kill the yak!
Trog accepts your kill.
* * * LOW HITPOINT WARNING * * *
You feel sick. The yak gores you.
* * * LOW HITPOINT WARNING * * *
Unknown command.
You hit the yak with your +4 flail of draining.
You drain the yak.
The yak is lightly wounded.
You whack the yak with your +5 demon whip of venom!
The yak looks as sick as possible!
* * * LOW HITPOINT WARNING * * *
You feel sick.
Okay, then.
You are too berserk!
You are too berserk!
You sock the yak with your +4 flail of draining!
The yak is severely wounded.
You thrash the yak with your +5 demon whip of venom!!
You kill the yak!
Trog accepts your kill.
* * * LOW HITPOINT WARNING * * *
You feel sick.
Okay, then.
* * * LOW HITPOINT WARNING * * *
You feel sick.
You feel a strong urge to attack something.
You die...

... ##...P.)..####
......
..........#.##........
#.....................
#.....................
##.......... ..........
#.........# #........
##........# #.......
#.....@†..# #.......
##........## #.......
#.#.........# ##:..###
#.........P#####†...###
###.#................#
####...............##
#.##....P.####P.....#
##.#......######.[..###
#........####.#.....##.


There were no monsters in sight!

Vanquished Creatures
  Gastronok (Lair:3)
  3 hydras (Lair:2)
  The ghost of sychorax the Geomancer, a journeyman OpEE of Ru (D:9)
  A two-headed ogre (D:8)
  Sonja (Lair:3)
  Amaemon (Lair:1)
  2 lindwurms
  The ghost of Rallik the Grappler, a novice TrSh of Wu Jian (D:5)
  An orc knight (Bailey)
  2 manticores (Lair:2)
  17 elephants
  2 black mambas
  A gargoyle (D:10)
  An orange demon (Lair:1)
  9 cane toads
  3 rime drakes
  2 komodo dragons (Lair:3)
  3 kobold demonologists (D:9)
  3 polar bears
  A troll (D:9)
  Grinder (D:4)
  10 blink frogs (Lair:1)
  A hornet (D:9)
  A jumping spider (Lair:2)
  Sigmund (D:2)
  7 dream sheep (Lair:4)
  2 culicivoras (Lair:2)
  37 yaks
  7 wyverns
  A warg (D:9)
  3 redbacks (Lair:2)
  Eustachio (D:5)
  A basilisk (Lair:2)
  15 water moccasins
  Pargi (Sewer)
  4 black bears
  An ice beast (D:5)
  12 orc warriors
  2 sky beasts
  2 ogres
  8 wolves
  5 centaurs
  3 phantoms
  5 kobold brigands (D:9)
  2 weeping skulls (D:6)
  A gnoll sergeant (D:8)
  A scorpion (D:6)
  11 bullfrogs
  5 wights (D:6)
  46 killer bees
  6 howler monkeys
  A spectral bullfrog (D:6)
  5 hounds
  9 orc priests
  A bombardier beetle (D:7)
  A centaur zombie (D:9)
  5 jellies
  A bullfrog skeleton (D:6)
  3 iguanas
  2 sleepcaps
  Terence (D:3)
  23 orc wizards
  A bullfrog simulacrum (D:6)
  A howler monkey zombie (D:9)
  A killer bee simulacrum (D:5)
  8 adders
  14 gnolls
  A howler monkey skeleton (D:6)
  A river rat (D:6)
  2 hound simulacra (D:5)
  3 howler monkey simulacra (D:5)
  3 white imps
  2 ufetubi (D:5)
  4 dart slugs
  5 ribbon worms
  69 orcs
  14 endoplasms
  6 giant cockroaches
  9 goblins
  12 hobgoblins
  12 jackals
  6 quokkas
  8 ball pythons
  8 bats
  4 frilled lizards
  22 kobolds
  4 rats
531 creatures vanquished.

Vanquished Creatures (collateral kills)
  The ghost of hgbash the Geomancer, a journeyman GrEE of Ashenzari (Lair:2)
  A water moccasin (Lair:1)
2 creatures vanquished.

Grand Total: 533 creatures vanquished

Notes
Turn   | Place    | Note
-------+----------+-------------------------------------------
     0 | D:1      | hikkokomori the Coglin Berserker began the quest for the
                  | Orb.
     0 | D:1      | Reached XP level 1. HP: 18/18 MP: 1/1
   151 | D:1      | Reached XP level 2. HP: 23/24 MP: 2/2
   231 | D:1      | You fall into a shaft and drop 1 floor!
   289 | D:2      | Noticed Sigmund
   298 | D:2      | Killed Sigmund
   299 | D:2      | Reached XP level 3. HP: 18/31 MP: 3/3
   299 | D:2      | Reached XP level 4. HP: 23/38 MP: 4/4
   299 | D:2      | Reached XP level 5. HP: 26/43 MP: 5/5
  1014 | D:1      | Reached XP level 6. HP: 48/50 MP: 6/6
  1101 | D:1      | Found a faded altar of an unknown god.
  1362 | D:2      | Reached skill level 5 in Fighting
  1385 | D:2      | Reached ** piety under Trog
  1905 | D:3      | Reached skill level 1 in Polearms
  2231 | D:3      | Noticed Terence
  2241 | D:3      | Killed Terence
  2318 | D:3      | Identified the +0 leather armour of the Snail {Str+2}
  2659 | D:4      | Found a staircase to the Ecumenical Temple.
  2712 | D:4      | Reached skill level 1 in Maces & Flails
  2712 | D:4      | Reached XP level 7. HP: 32/56 MP: 7/7
  2722 | D:4      | Found a radiant altar of Vehumet.
  2874 | D:4      | Found a sparkling altar of Nemelex Xobeh.
  2889 | D:4      | Found a broken altar of Ashenzari.
  2915 | D:4      | Noticed Grinder
  2924 | D:4      | Killed Grinder
  2925 | D:4      | Reached skill level 2 in Maces & Flails
  3059 | D:4      | Reached *** piety under Trog
  3190 | D:4      | Reached XP level 8. HP: 49/64 MP: 8/8
  3239 | D:4      | Found a blossoming altar of Fedhas.
  3513 | D:4      | Identified the +1 robe of Notibopt {rN+ Str+4}
  3561 | D:5      | Entered Level 5 of the Dungeon
  3584 | D:5      | Found a runed translucent gate.
  3584 | D:5      | Found a runed translucent gate.
  3584 | D:5      | Found a runed translucent gate.
  3628 | D:5      | Reached skill level 3 in Maces & Flails
  3645 | D:5      | Reached skill level 5 in Short Blades
  3771 | D:5      | Noticed an air elemental
  3773 | D:5      | Found a stormy altar of Qazlal.
  3775 | D:5      | Noticed a water elemental
  4094 | D:5      | Reached skill level 4 in Maces & Flails
  4106 | D:5      | Reached **** piety under Trog
  4198 | D:5      | Reached skill level 5 in Maces & Flails
  4319 | D:5      | Found a burning altar of Makhleb.
  4320 | D:5      | Noticed a balrug
  4457 | D:5      | Noticed Rallik's ghost (novice TrSh)
  4554 | D:5      | Noticed Eustachio
  4560 | D:5      | Killed Eustachio
  4788 | D:5      | Killed Rallik's ghost
  4789 | D:5      | Reached skill level 7 in Maces & Flails
  4789 | D:5      | Reached XP level 9. HP: 71/71 MP: 9/9
  4863 | D:5      | Identified the ring of Nikkyfry {Fire +Blink rN+++ rCorr
                  | Stlth-}
  4917 | D:6      | Reached skill level 8 in Maces & Flails
  5009 | D:6      | Found a shimmering altar of Xom.
  5093 | D:6      | Found a glowing drain.
  5101 | Sewer    | Entered a sewer
  5207 | Sewer    | Noticed Pargi
  5210 | Sewer    | Killed Pargi
  5366 | D:6      | Reached skill level 9 in Maces & Flails
  5443 | D:6      | Reached XP level 10. HP: 58/77 MP: 10/10
  5455 | D:6      | Identified the +2 dagger of Lestead {pain, rPois}
  5648 | D:6      | Reached skill level 10 in Maces & Flails
  6044 | D:7      | Found a flagged portal.
  6053 | Bailey   | Entered a bailey
  6083 | Bailey   | Reached ***** piety under Trog
  6509 | Bailey   | Noticed an orc knight
  6526 | Bailey   | Killed an orc knight
  7120 | D:7      | Found a snail-covered altar of Cheibriados.
  7792 | D:8      | Reached skill level 1 in Throwing
  8223 | D:8      | Noticed a two-headed ogre
  8232 | D:8      | Killed a two-headed ogre
  8233 | D:8      | Reached skill level 11 in Maces & Flails
  8385 | D:8      | Found an ornate altar of the Wu Jian Council.
  8520 | D:8      | Reached XP level 11. HP: 87/87 MP: 11/11
  8821 | D:9      | Paralysed by a hornet for 2 turns
  9158 | D:9      | Reached skill level 5 in Armour
  9310 | D:9      | Found a runed translucent gate.
  9310 | D:9      | Found a runed translucent gate.
  9310 | D:9      | Found a runed translucent gate.
  9310 | D:9      | Noticed sychorax's ghost (journeyman OpEE)
  9312 | D:9      | Found a basalt altar of Yredelemnul.
  9339 | D:9      | Killed sychorax's ghost
 10277 | D:9      | Found a staircase to the Orcish Mines.
 10670 | D:10     | Entered Level 10 of the Dungeon
 10703 | D:10     | Found a glowing golden altar of the Shining One.
 10954 | D:10     | Received a gift from Trog
 11233 | D:10     | Reached XP level 12. HP: 95/95 MP: 12/12
 11684 | D:10     | Found a staircase to the Lair.
 12097 | Lair:1   | Entered Level 1 of the Lair of Beasts
 12162 | Lair:1   | Received a gift from Trog
 12349 | Lair:1   | Reached skill level 12 in Maces & Flails
 12444 | Lair:1   | Noticed Amaemon
 12460 | Lair:1   | Killed Amaemon
 12522 | Lair:1   | Reached skill level 10 in Armour
 12969 | Lair:1   | Reached skill level 1 in Evocations
 13472 | Lair:2   | Found a staircase to the Shoals.
 13505 | Lair:2   | You fall into a shaft and drop 2 floors!
 13535 | Lair:4   | Reached skill level 13 in Maces & Flails
 13535 | Lair:4   | Reached XP level 13. HP: 98/101 MP: 13/13
 13577 | Lair:3   | Noticed Gastronok
 13911 | Lair:3   | Noticed Sonja
 14173 | Lair:3   | Killed Gastronok
 14174 | Lair:3   | Reached skill level 5 in Evocations
 14179 | Lair:3   | Killed Sonja
 14297 | Lair:3   | Reached skill level 10 in Fighting
 14589 | Lair:3   | Reached ****** piety under Trog
 14619 | Lair:3   | Reached skill level 5 in Throwing
 15140 | Lair:2   | Received a gift from Trog
 15225 | Lair:2   | Found a runed translucent gate.
 15225 | Lair:2   | Found a runed translucent gate.
 15225 | Lair:2   | Found a runed translucent gate.
 15230 | Lair:2   | Noticed hgbash's ghost (journeyman GrEE)
 15340 | Lair:2   | Reached XP level 14. HP: 102/113 MP: 14/14
 15449 | Lair:2   | Found a hole to the Spider Nest.
 15671 | Lair:2   | Found a glowing golden altar of the Shining One.
 15672 | Lair:2   | Reached skill level 14 in Maces & Flails
 15672 | Lair:2   | Reached XP level 15. HP: 119/119 MP: 15/15
 15898 | Lair:2   | Killed hgbash's ghost
 15919 | Lair:2   | Identified the +8 broad axe of Bamolon {drain, rC- Dex+6}
 15940 | Lair:2   | Acquired a cryoadeledicnander core {rF+ Will+ Clar RMsl}
 16114 | Lair:3   | HP: 6/178 [yak (5)]
 16117 | Lair:3   | HP: 1/178 [poisoned by a black mamba]
 16118 | Lair:3   | Succumbed to a black mamba's poison

Illustrated notes

Levels and vault maps discovered:
D:1:      dpeg_arrival_stonehenge_12_columns, layout_loops_corners,
          basic_ecumenical_altar, nicolae_eternal_life, st_stairs_5,
          minmay_box_of_dots
D:2:      minmay_wonky_spiral, layout_basic, uniq_sigmund
D:3:      layout_rooms, grunt_ministairs_6, kennysheep_generic_room_6,
          uniq_terence
D:4:      layout_loops_ring, overflow_temple_1_default,
          nicolae_ashenzari_skybound, mainiacjoe_overflow_small_starburst,
          fedhas_altar_4, minmay_temple_entry_crystal_x, serial_glass,
          glass_columns_a, glass_columns_a, minmay_misc_feat_enclosed,
          uniq_grinder
D:5:      layout_loops_ring, nicolae_qazlal_style_of_elements,
          makhleb_altar_promises_db, gammafunk_ghost_icy, kennysheep_nub,
          nicolae_houndstooth_variations, uniq_eustachio
D:6:      layout_cave_pools, xom_redecorated, lightli_sewer_entry_pipes,
          dilly_guarded_unrand_morg
D:7:      layout_layer_cave, cheibriados_altar_1, enter_bailey_8,
          kennysheep_cross_bottleneck, roderic_lattice_a
D:8:      layout_basic, mainiacjoe_overflow_six_doors_small
D:9:      layout_stronghold, nicolae_yredelemnul_ghost_church, erik_orc_3
D:10:     wad_woods_minihive, layout_basic, tso_altar,
          erik_lair_orcish_takeover, serial_rivers,
          chequers_serial_rivers_large_b, chequers_serial_rivers_room_a,
          chequers_serial_rivers_small_b, chequers_serial_rivers_room_a,
          chequers_serial_rivers_room_a, chequers_serial_rivers_micro_a
Lair:1:   layout_cave_pods, st_stairs_9, uniq_amaemon
Lair:2:   layout_regular_city, minmay_shoals_entry_beasts,
          nicolae_spider_entry_tight_spaces, gammafunk_ghost_hydra_chop,
          basic_altar, beast_lair_carwin_5
Lair:3:   layout_small_grid, grunt_megastairs_5, uniq_gastronok, uniq_sonja
Lair:4:   layout_loops_ring, nicolae_slime_entry_slimehenge, patterned_corridor

Skill      XL: |  1  2  3  4  5  6  7  8  9 10 11 12 13 14 |
---------------+-------------------------------------------+-----
Armour         | 2 3 8 10 11 | 11.1
Dodging        | 2 |  2.0
Fighting       | 4 5 6 8 9 11 | 11.6
Short Blades   | 2 3 4 5 |  5.0
Polearms       | 1 |  1.5
Maces & Flails | 1 2 7 9 11 13 14 | 14.1
Throwing       | 2 3 6 |  6.0
Evocations     | 2 8 9 |  9.4
Long Blades    | |  3.1

Action                     |  1- 3 |  4- 6 |  7- 9 | 10-12 | 13-15 || total
---------------------------+-------+-------+-------+-------+-------++-------
  Melee: Falchion          |    19 |    42 |       |       |       ||    61
         Dagger            |    15 |   149 |    64 |       |       ||   228
         Spear             |       |   121 |       |       |       ||   121
         Flail             |       |    23 |   244 |   584 |   260 ||  1111
         Whip              |       |       |   138 |   359 |       ||   497
         Demon whip        |       |       |       |    89 |   263 ||   352
  Throw: Dart              |       |       |       |    11 |       ||    11
 Invoke: Berserk           |     1 |     4 |     2 |     6 |     2 ||    15
         Trog's Hand       |       |       |     1 |     2 |       ||     3
         Brothers in Arms  |       |       |       |       |     1 ||     1
Ability: Invent Gizmo      |       |       |       |       |     1 ||     1
  Evoke: Wand              |       |       |       |     1 |     3 ||     4
    Use: Scroll            |       |       |     5 |    28 |     4 ||    37
         Potion            |       |       |       |     5 |     1 ||     6
   Stab: Sleeping          |       |     1 |     2 |       |       ||     3
         Paralysed         |       |       |       |       |     4 ||     4
 Armour: Animal skin       |    11 |    38 |       |       |       ||    49
         Chain mail        |       |    76 |    55 |       |       ||   131
         Robe              |       |       |   131 |    76 |       ||   207
         Plate armour      |       |       |       |   148 |       ||   148
         Crystal plate arm |       |       |       |   336 |   425 ||   761
         Skin              |       |       |       |    13 |    19 ||    32
  Dodge: Dodged            |    10 |    97 |   104 |   118 |    63 ||   392

Table legend: (Time is in decaauts)
 A = Elapsed time spent in this place.
 B = Non-inter-level travel time spent in this place.
 C = Inter-level travel time spent in this place.
 D = Time resting spent in this place.
 E = Time spent auto-exploring this place.
 F = Levels seen in this place.
 G = Mean time per level.
                   A        B        C        D        E       F      G
               +--------+--------+--------+--------+--------+-----+--------+
         Total |  16054 |  15644 |    410 |   1722 |  10716 |  16 | 1003.4 |
       Dungeon |  11249 |  10886 |    363 |    608 |   8003 |  10 | 1124.9 |
          Lair |   3882 |   3835 |     47 |    791 |   2314 |   4 |  970.5 |
         Sewer |    174 |    174 |      0 |      0 |    135 |   1 |  174.0 |
        Bailey |    747 |    747 |      0 |    322 |    263 |   1 |  747.0 |
               +--------+--------+--------+--------+--------+-----+--------+

Top non-repeatable levels by time:
     D:9: 1690 daAuts
    D:10: 1418 daAuts
     D:5: 1373 daAuts
  Lair:1: 1332 daAuts
     D:8: 1171 daAuts
  Lair:2: 1132 daAuts
     D:7: 1066 daAuts
     D:1: 1004 daAuts
     D:2: 934 daAuts
     D:6: 910 daAuts
     D:4: 907 daAuts
  Lair:3: 802 daAuts
     D:3: 772 daAuts
  Bailey: 747 daAuts
  Lair:4: 615 daAuts
